 Dungeon Crawl Stone Soup version 0.30-a0-1035-g38d5fb2972 (webtiles) character file.

Game seed: 4807369661434050935

2603 Zeldest the Changer (level 9, -1/67 HPs)
             Began as a Vine Stalker Enchanter on Apr 8, 2023.
             Was a Believer of Kikubaaqudgha.
             Slain by a wyvern (10 damage)
             ... on level 7 of the Dungeon.
             The game lasted 00:25:37 (7092 turns).

Zeldest the Changer (Vine Stalker Enchanter)        Turns: 7092, Time: 00:25:38

Health: -1/67      AC: 24    Str: 10    XL:     9   Next: 59%
Magic:  0/17       EV:  2    Int: 19    God:    Kikubaaqudgha [**....]
Gold:   389        SH:  5    Dex: 16    Spells: 13/18 levels left

rFire   + . .      SeeInvis .      - Unarmed
rCold   . . .      Faith    .    (no shield)
rNeg    . . .      Spirit   +    a - melded +1 robe {rC+}
rPois   +          Reflect  +    (helmet currently unavailable)
rElec   .          Rampage  .    (cloak currently unavailable)
rCorr   .          NoTele   +    n - melded +0 pair of gloves
Will    +....                    b - melded +2 pair of boots
Stlth   +++                      G - amulet of reflection
HPRegen 1.11/turn                d - ring of protection from fire
MPRegen 0.15/turn                (no ring)

@: tree-form
A: stationary, stasis, torment immunity, boosted hp, (fangs 3), regeneration 1,
magic shield, (antimagic bite), no potion heal 2, subdued magic 1
a: Renounce Religion, Unearth Wretches


You were on level 7 of the Dungeon.
You worshipped Kikubaaqudgha.
Kikubaaqudgha was pleased with you.
You were a tree.
You visited 2 branches of the dungeon, and saw 9 of its levels.

You collected 389 gold pieces.

Inventory:

Hand Weapons
 F - a +4 dagger of freezing
Missiles
 e - 2 curare-tipped darts (quivered)
 f - 3 poisoned darts
Armour
 a - a +1 robe of cold resistance (melded)
 b - a +2 pair of boots (melded)
 n - a +0 pair of gloves (melded)
Jewellery
 d - a ring of protection from fire (left branch)
 G - an amulet of reflection (around neck)
Wands
 q - a wand of roots (1)
 r - a wand of flame (43)
 s - a wand of acid (10)
 D - a wand of polymorph (2)
Scrolls
 i - 3 scrolls of vulnerability {unknown}
 k - a scroll of enchant weapon {unknown}
 l - 3 scrolls of teleportation {unknown}
 m - 3 scrolls of blinking {unknown}
 u - a scroll of poison {unknown}
 w - a scroll of fear {unknown}
 y - a scroll of butterflies {unknown}
 z - a scroll of magic mapping {unknown}
 E - 3 scrolls of fog {unknown}
Potions
 c - 2 potions of invisibility
 h - 2 potions of brilliance
 j - 2 potions of curing
 p - a potion of cancellation {unknown}
 t - 3 potions of haste
 v - a potion of attraction {unknown}
 x - a potion of mutation
 A - 2 potions of flight {unknown}
 B - a potion of ambrosia {unknown}
 C - 2 potions of magic {unknown}


   Skills:
 + Level 4.1 Fighting
 - Level 1.2 Short Blades
 - Level 1.5 Dodging
 - Level 4.0 Stealth
 + Level 4.8 Unarmed Combat
 - Level 5.1 Spellcasting
 - Level 3.2 Hexes
 + Level 3.7 Necromancy
 - Level 6.4 Transmutations
 + Level 4.5 Earth Magic
 - Level 2.0 Poison Magic


You had 13 spell levels left.
You knew the following spells:

 Your Spells              Type           Power      Damage    Failure   Level
a - Spider Form           Tmut/Pois      16%        N/A       4%          3
b - Sublimation of Blood  Necr           14%        N/A       3%          2

Your spell library contained the following spells:

 Spells                   Type           Power      Damage    Failure   Level
 Necrotise                Necr           56%        1d6       1%          1
 Vampiric Draining        Necr           14%        2d7       7%          3
 Ensorcelled Hibernation  Hex/Ice        16%        N/A       8%          2
 Confusing Touch          Hex            13%        N/A       8%          3
 Tukima's Dance           Hex            13%        N/A       8%          3
 Magic Dart               Conj           12%        1d3       10%         1
 Stone Arrow              Conj/Erth      20%        3d8       12%         3
 Searing Ray              Conj           6%         2d4       16%         2
 Dazzling Flash           Conj/Hex       16%        N/A       16%         3
 Animate Dead             Necr           14%        N/A       22%         4
 Anguish                  Hex/Necr       6%         N/A       26%         4
 Animate Armour           Summ/Erth      20%        N/A       38%         4
 Fulminant Prism          Conj/Hex       4%         3d5       50%         4
 Conjure Ball Lightning   Conj/Air       1%         3x3d6     100%        6
 Discord                  Hex            6%         N/A       100%        8
 Disjunction              Tloc           1%         N/A       100%        8
 Lehudib's Crystal Spear  Conj/Erth      5%         10d3      100%        8


Dungeon Overview and Level Annotations

Branches:
Dungeon (8/15) Zot: 25598  Temple (1/1) D:4 Zot: 5798
   Lair: D:8-11

Altars:
Ashenzari
Cheibriados
Dithmenos
Elyvilon
Fedhas
Gozag
Hepliaklqana
Kikubaaqudgha
Makhleb
Nemelex Xobeh
Okawaru
Qazlal
Ru
Sif Muna
Trog
Uskayaw
Vehumet
Wu Jian
Xom
Yredelemnul
Zin
The Shining One

Shops:
D:1 *[:*

Annotations:
D:2 Sigmund


Innate Abilities, Weirdness & Mutations

You are a tree.
Your roots penetrate the ground, keeping you stationary.
You cannot be teleported.
You are immune to unholy pain and torment.
Your maximum health is greatly increased.
Your equipment is partially melded.
((You have razor-sharp teeth.))
Your natural rate of healing is unusually fast.
When hurt, damage is shared between your health and your magic reserves.
((Your bite disrupts and absorbs the magic of your enemies.))
Potions cannot restore your health.
Your spells are a little easier to cast, but a little less powerful.


Message History

Casting: Spider Form (dangerous; 4% risk of failure)
Confirm with . or Enter, or press ? or * to list all spells.
You turn into a venomous arachnid creature.
Your +0 pair of gloves melds into your body.
Your +2 pair of boots melds into your body.
Your +1 robe of cold resistance melds into your body.
You feel less resistant to cold.
The wyvern hisses angrily.
The wyvern closely misses you.
You hit the wyvern.
The wyvern is poisoned.
The wyvern is lightly wounded.
You block the wyvern's attack.
You hit the wyvern.
The wyvern is lightly wounded.
The wyvern bites you! x2
You hit the wyvern.
The wyvern is moderately wounded.
The wyvern bites you!
You hit the wyvern.
The wyvern looks as sick as possible!
The wyvern is heavily wounded.
The wyvern bites you.
* * * LOW HITPOINT WARNING * * *
You hit the wyvern but do no damage.
The wyvern is severely wounded.
The wyvern bites you!
* * * LOW HITPOINT WARNING * * *
The wyvern closely misses you.
Really quaff the potion of lignification?
Your transformation has ended.
Your +0 pair of gloves unmelds from your body.
Your +2 pair of boots unmelds from your body.
Your +1 robe of cold resistance unmelds from your body.
You feel resistant to cold.
You turn into a tree.
Your +0 pair of gloves melds into your body.
Your +2 pair of boots melds into your body.
Your +1 robe of cold resistance melds into your body.
You feel less resistant to cold.
Your roots penetrate the ground.
The wyvern bites you!
You die...
Kikubaaqudgha rasps: "You have failed me!
Welcome... death!"

♣. ♣♣. .@....### #...# #...
♣.. ....P..## #.#.# #.#.
.... ###......###.#.# #...
♣.♣..#.#.P..#.##....# ##.#
.♣...#'#............# #.#
.....[....P..###....#####.#
...$....P..### ##.#........
....8.......>.# #.#.#####..
...............l♣##
#.#.......<
....P♣..8....♣...#
#.########.
#...♣♣..P..♣..♣..# #.# #.
.#....♣...♣♣♣.♣♣.######.#
#.
..#...♣.....♣♣.[♣)......#
##
......♣♣.♣P......♣......#
.......♣♣..♣♣..♣♣♣#####.#
.# #.....♣....♣ #.# .#
#....♣♣♣.P.♣ #.#


You could see a wyvern (extremely poisoned).

Vanquished Creatures
  Joseph (D:7)
  Edmund (D:6)
  Menkaure (D:6)
  2 ice beasts (D:6)
  A black bear (D:6)
  A sky beast (D:7)
  2 ogres (D:6)
  A phantom (D:6)
  Blork the orc (D:6)
  2 bullfrogs
  5 wights
  4 howler monkeys
  3 hounds
  A sleepcap (D:5)
  4 jellies
  3 iguanas
  6 orc wizards
  7 gnolls
  8 adders
  A river rat (D:6)
  2 shadow imps (D:7)
  A white imp (D:7)
  2 ufetubi
  4 dart slugs
  A worm (D:2)
  18 orcs
  6 endoplasms
  3 giant cockroaches
  6 hobgoblins
  17 jackals
  5 quokkas
  4 ball pythons
  6 bats
  3 frilled lizards
  5 goblins
  5 kobolds
  3 rats
146 creatures vanquished.

Vanquished Creatures (others)
  A sky beast (D:6)
  92 plants
93 creatures vanquished.

Grand Total: 239 creatures vanquished

Notes
Turn   | Place    | Note
-------+----------+-------------------------------------------
     0 | D:1      | Zeldest the Vine Stalker Enchanter began the quest for the
                  | Orb.
     0 | D:1      | Reached XP level 1. HP: 9/9 MP: 4/4
   170 | D:1      | Reached skill level 1 in Short Blades
   226 | D:1      | Reached XP level 2. HP: 13/13 MP: 6/6
   247 | D:1      | Found Ontol's Book Boutique.
   353 | D:1      | Found Vyasheca's General Store.
   520 | D:1      | Reached XP level 3. HP: 17/17 MP: 7/7
   523 | D:1      | Found Qoarab's Armour Shop.
   602 | D:1      | Found Gyfotit's General Store.
  1225 | D:2      | Reached skill level 1 in Unarmed Combat
  1291 | D:2      | Noticed Sigmund
  1332 | D:3      | Reached skill level 1 in Earth Magic
  1432 | D:3      | Reached skill level 1 in Fighting
  1503 | D:3      | Gained mutation: Your natural rate of healing is unusually
                  | fast. [Vine Stalker growth]
  1503 | D:3      | Reached XP level 4. HP: 20/22 MP: 8/8
  2047 | D:4      | Reached XP level 5. HP: 25/25 MP: 7/10
  2565 | D:4      | Found a snail-covered altar of Cheibriados.
  2667 | D:4      | Found a staircase to the Ecumenical Temple.
  2831 | Temple   | Entered the Ecumenical Temple
  3027 | Temple   | Became a worshipper of Kikubaaqudgha
  3218 | D:5      | Entered Level 5 of the Dungeon
  3302 | D:5      | Reached XP level 6. HP: 30/30 MP: 8/12
  3526 | D:5      | Reached skill level 1 in Necromancy
  4081 | D:6      | Reached XP level 7. HP: 35/35 MP: 13/13
  4278 | D:6      | Reached skill level 1 in Transmutations
  4366 | D:6      | Reached skill level 2 in Transmutations
  4518 | D:6      | Noticed Edmund
  4539 | D:6      | Killed Edmund
  4540 | D:6      | Reached skill level 3 in Transmutations
  4540 | D:6      | Reached skill level 1 in Poison Magic
  4558 | D:5      | Learned a level 3 spell: Spider Form
  4662 | D:6      | Gained mutation: You have razor-sharp teeth. [Vine Stalker
                  | growth]
  4662 | D:6      | Reached XP level 8. HP: 39/39 MP: 8/14
  4716 | D:6      | Reached * piety under Kikubaaqudgha
  4716 | D:6      | Received a gift from Kikubaaqudgha
  4857 | D:6      | Reached skill level 4 in Transmutations
  4887 | D:6      | Noticed Blork the orc
  4968 | D:6      | Killed Blork the orc
  4969 | D:6      | Reached skill level 5 in Transmutations
  5415 | D:6      | Reached skill level 6 in Transmutations
  5418 | D:6      | Found a sacrificial altar of Ru.
  5419 | D:6      | Noticed Menkaure
  5451 | D:6      | Killed Menkaure
  5452 | D:6      | Reached skill level 5 in Spellcasting
  5578 | D:7      | Noticed a wyvern
  5690 | D:7      | Noticed a hornet
  5690 | D:7      | You fall into a shaft and drop 1 floor!
  5794 | D:8      | Learned a level 2 spell: Sublimation of Blood
  6012 | D:7      | Noticed Joseph
  6092 | D:6      | Reached XP level 9. HP: 43/44 MP: 17/17
  6140 | D:7      | Found a sparkling altar of Nemelex Xobeh.
  6781 | D:7      | HP: 3/64 [Joseph/+0 quarterstaff (3)]
  6782 | D:7      | Gained mutation: Your spells are a little easier to cast,
                  | but a little less powerful. [potion of mutation]
  6787 | D:7      | Killed Joseph
  6992 | D:6      | Reached ** piety under Kikubaaqudgha
  7092 | D:7      | Slain by a wyvern

Illustrated notes

Levels and vault maps discovered:
D:1:      dpeg_arrival_castle, layout_basic, serial_shops, shop,
          nicolae_diamond_shop, shop, nicolae_shop_hallway_plus,
          minmay_tetromino_o4
D:2:      layout_loops_cross, basic_altar, minmay_tripent, uniq_sigmund
D:3:      layout_loops_ring, kennysheep_generic_room_7
D:4:      layout_cave_pools, mainiacjoe_overflow_boulevard,
          minmay_temple_entry_nine_rooms, serial_bayou, serial_bayou_shore_a,
          serial_bayou_shore_b, serial_bayou_lake_a, serial_bayou_pond_a,
          serial_bayou_crossing, serial_bayou_pond_a
D:5:      layout_loops_ring, minivault_25
D:6:      layout_basic, nicolae_ru_awakened_eye, uniq_menkaure, uniq_edmund,
          uniq_blork_the_orc
D:7:      wad_woods_settlement, layout_loops_ring,
          mainiacjoe_overflow_surrounded_room, uniq_joseph
D:8:      layout_cave_pods
Temple:   hellmonk_temple_of_storms

Skill      XL: |  1  2  3  4  5  6  7  8  9 |
---------------+----------------------------+-----
Short Blades   | 1 |  1.2
Stealth        | 4 |  4.0
Unarmed Combat | 1 2 3 4 |  4.8
Earth Magic    | 1 2 3 4 |  4.5
Fighting       | 1 2 3 4 |  4.1
Spellcasting   | 3 5 |  5.1
Necromancy     | 1 2 3 |  3.7
Transmutations | 3 6 |  6.4
Poison Magic   | 1 2 |  2.0
Dodging        | |  1.5
Hexes          | |  3.2

Action                     |  1- 3 |  4- 6 |  7- 9 || total
---------------------------+-------+-------+-------++-------
  Melee: Dagger            |   106 |   269 |    72 ||   447
         Bite              |    25 |    93 |    58 ||   176
         Punch             |     2 |     4 |     6 ||    12
         Unarmed           |       |       |   198 ||   198
   Cast: Spider Form       |       |       |    16 ||    16
  Evoke: Wand              |       |       |    14 ||    14
    Use: Potion            |       |       |     4 ||     4
         Scroll            |       |       |     5 ||     5
   Stab: Sleeping          |     8 |     9 |     6 ||    23
 Armour: Robe              |    34 |    60 |    31 ||   125
         Skin              |       |       |    11 ||    11
  Dodge: Dodged            |    65 |   127 |   142 ||   334
  Block: Other             |       |       |    24 ||    24

Table legend: (Time is in decaauts)
 A = Elapsed time spent in this place.
 B = Non-inter-level travel time spent in this place.
 C = Inter-level travel time spent in this place.
 D = Time resting spent in this place.
 E = Time spent auto-exploring this place.
 F = Levels seen in this place.
 G = Mean time per level.
                   A        B        C        D        E       F      G
               +--------+--------+--------+--------+--------+-----+--------+
         Total |   7111 |   6775 |    336 |    885 |   3195 |   9 |  790.1 |
       Dungeon |   6909 |   6573 |    336 |    885 |   3177 |   8 |  863.6 |
        Temple |    201 |    201 |      0 |      0 |     18 |   1 |  201.0 |
               +--------+--------+--------+--------+--------+-----+--------+

Top non-repeatable levels by time:
     D:6: 1897 daAuts
     D:1: 1020 daAuts
     D:7: 946 daAuts
     D:4: 943 daAuts
     D:5: 891 daAuts
     D:3: 807 daAuts
     D:2: 282 daAuts
  Temple: 201 daAuts
     D:8: 120 daAuts
